 Dungeon Crawl Stone Soup version 0.30-a0-711-gf4ac18a38d (webtiles) character file.

Game seed: 8877868270404907807

27908 wormed the Thaumaturge (level 13, -10/78 HPs)
             Began as a Deep Elf Fire Elementalist on Jan 23, 2023.
             Was an Elder of Vehumet.
             Mangled by a five-headed hydra (11 damage)
             ... on level 4 of the Lair of Beasts.
             The game lasted 00:38:53 (21410 turns).

wormed the Thaumaturge (DEFE)                      Turns: 21410, Time: 00:38:54

Health: -10/78     AC:  6    Str:  5    XL:     13   Next: 6%
Magic:  40/40      EV: 17    Int: 26    God:    Vehumet [****..]
Gold:   1090       SH:  0    Dex: 15    Spells: 21/37 levels left

rFire   + . .      SeeInvis .    C - staff of conjuration
rCold   . . .      Faith    .    (no shield)
rNeg    . . .      Spirit   .    b - +2 robe {rF+}
rPois   .          Reflect  .    (no helmet)
rElec   .          Harm     .    (no cloak)
rCorr   .          Rampage  .    D - +0 pair of gloves
Will    +....                    k - +0 pair of boots
Stlth   +++++                    (no amulet)
HPRegen 0.33/turn                q - ring of magical power
MPRegen 0.27/turn                A - ring of wizardry

@: lethally poisoned (-10 -> -10)
A: no striking features
a: Renounce Religion


You were on level 4 of the Lair of Beasts.
You worshipped Vehumet.
Vehumet was greatly pleased with you.
You visited 3 branches of the dungeon, and saw 18 of its levels.
You also visited: Ossuary.

You collected 1090 gold pieces.

Inventory:

Hand Weapons
 y - a +3 dagger of freezing
Armour
 b - a +2 robe of fire resistance (worn)
 k - a +0 pair of boots (worn)
 o - a +1 pair of gloves
 D - a +0 pair of gloves (worn)
Magical Staves
 C - a staff of conjuration (weapon)
 O - a staff of cold
Jewellery
 q - a ring of magical power (left hand)
 u - a +6 ring of strength
 z - an amulet of guardian spirit
 A - a ring of wizardry (right hand)
 G - a ring of ice
 H - a ring of protection from cold
 L - a ring of see invisible
 N - a ring of flight
Wands
 j - a wand of flame (10)
 l - a wand of acid (2)
 m - a wand of mindburst (21)
 w - a wand of polymorph (14) (quivered)
 I - a wand of roots (3)
 K - a wand of paralysis (3)
Scrolls
 d - a scroll of amnesia
 f - 4 scrolls of vulnerability
 i - a scroll of teleportation
 n - 7 scrolls of fear
 s - 6 scrolls of magic mapping
 t - 4 scrolls of enchant weapon
 E - a scroll of brand weapon
Potions
 a - 2 potions of magic
 c - 5 potions of curing
 e - a potion of resistance {unknown}
 g - 2 potions of brilliance
 h - 2 potions of flight
 p - 2 potions of lignification
 r - 2 potions of heal wounds
 v - 2 potions of might
 x - 3 potions of haste
 B - a potion of attraction
 J - a potion of mutation
 M - a potion of ambrosia {unknown}


   Skills:
 + Level 8.0 Fighting
 - Level 11.0 Dodging
 - Level 11.0 Stealth
 + Level 12.7 Spellcasting
 + Level 10.5 Conjurations
 - Level 11.0 Fire Magic


You had 21 spell levels left.
You knew the following spells:

 Your Spells              Type           Power      Damage    Failure   Level
a - Foxfire               Conj/Fire      100%       2x1d9     1%          1
b - Scorch                Fire           100%       2d10      1%          2
c - Inner Flame           Hex/Fire       45%        N/A       1%          3
d - Mephitic Cloud        Conj/Pois/Air  51%        N/A       1%          3
e - Blink                 Tloc           32%        N/A       2%          2
p - Poisonous Vapours     Pois/Air       32%        N/A       1%          2
s - Ignite Poison         Fire/Tmut/Pois 35%        N/A       1%          3

Your spell library contained the following spells:

 Spells                   Type           Power      Damage    Failure   Level
 Fulminant Prism          Conj/Hex       30%        3d15      1%          4
 Sandblast                Erth           32%        2d9       1%          1
 Searing Ray              Conj           100%       2d8       1%          2
 Dazzling Flash           Conj/Hex       100%       N/A       1%          3
 Kindle Blastsparks       Fire/Tloc/Air  70%        2d15      1%          3
 Stone Arrow              Conj/Erth      100%       3d13      1%          3
 Flame Wave               Conj/Fire      83%        2d18      1%          4
 Call Imp                 Summ           16%        N/A       2%          2
 Cigotuvi's Dreadful Rot  Necr/Pois/Air  32%        N/A       2%          2
 Passwall                 Tmut/Erth      13%        N/A       2%          2
 Gell's Gravitas          Tloc           16%        N/A       4%          3
 Teleport Other           Tloc           16%        N/A       4%          3
 Animate Dead             Necr           16%        N/A       14%         4
 Cause Fear               Hex            8%         N/A       14%         4
 Agony                    Necr           16%        N/A       34%         5
 Silence                  Hex/Air        8%         N/A       34%         5
 Summon Forest            Summ/Tloc      8%         N/A       34%         5
 Summon Mana Viper        Hex/Summ       16%        N/A       34%         5
 Dispersal                Tloc           8%         N/A       88%         6
 Summon Cactus Giant      Summ           8%         N/A       88%         6
 Haunt                    Necr/Summ      8%         N/A       100%        7
 Discord                  Hex            8%         N/A       100%        8
 Infestation              Necr           8%         N/A       100%        8


Dungeon Overview and Level Annotations

Branches:
Dungeon (12/15)            Temple (1/1) D:4            Lair (5/5) D:10
  Swamp (0/4) Lair:2        Snake (0/4) Lair:3        Slime (0/5) Lair:5
    Orc (0/2) D:12        Ossuary (visited)

Altars:
Ashenzari
Cheibriados
Dithmenos
Elyvilon
Fedhas
Gozag
Hepliaklqana
Kikubaaqudgha
Makhleb
Nemelex Xobeh
Okawaru
Qazlal
Ru
Sif Muna
Trog
Uskayaw
Vehumet
Wu Jian
Xom
Yredelemnul
Zin
The Shining One

Shops:
D:6 (   D:12 ([

Annotations:
D:5 3 runed translucent doors, Rudyous's ghost, novice BaFi
D:10 3 runed translucent doors, dr0g0th's ghost, journeyman DsFi
D:12 1 runed translucent door, Paus's ghost, journeyman DEEE


Message History

The five-headed hydra bites you. The five-headed hydra misses you.
The five-headed hydra bites you but does no damage.
The water moccasin attacks as you move away!
The water moccasin closely misses you.
You feel sick.
The blink frog blinks! x2
The water moccasin misses you.
The blink frog blinks! x2
The five-headed hydra attacks as you move away!
The five-headed hydra bites you.
The five-headed hydra closely misses you. x2
The five-headed hydra misses you.
The five-headed hydra barely misses you.
The water moccasin attacks as you move away!
The water moccasin closely misses you.
You feel sick.
The blink frog attacks as you move away!
The blink frog closely misses you.
You feel sick.
There is an escape hatch in the ceiling here.
You feel sick. The water moccasin bites you. The blink frog hits you!
* * * LOW HITPOINT WARNING * * *
The blink frog hits you but does no damage.
The blink frog misses you. The water moccasin bites you.
* * * LOW HITPOINT WARNING * * *
The five-headed hydra misses you. The five-headed hydra bites you.
* * * LOW HITPOINT WARNING * * *
The five-headed hydra bites you.
* * * LOW HITPOINT WARNING * * *
The five-headed hydra bites you but does no damage.
The five-headed hydra bites you!
* * * LOW HITPOINT WARNING * * *
A mysterious force pulls you upwards. The hatch slams shut behind you.
* * * LOW HITPOINT WARNING * * *
You feel sick.
As you read the scroll of fear, it crumbles to dust.
You assume a fearsome visage.
The blink frog looks frightened!
The five-headed hydra resists with almost no effort.
The water moccasin looks frightened!
The blink frog looks frightened!
* * * LOW HITPOINT WARNING * * *
You feel sick.
The blink frog blinks! x3
The five-headed hydra completely misses you.
The five-headed hydra barely misses you. x2
The five-headed hydra bites you!
You die...

### ## ..#
..##
#.###....
##...F....
#.........
...§.....
#§.S.....
#@D......
#..§......
##........
.....F...
.........
.#........
###..#P##.
#####


You could see a five-headed hydra, 2 blink frogs and a water moccasin (fleeing).

Vanquished Creatures
  A hydra (Lair:3)
  Fannar (D:12)
  A boulder beetle (D:11)
  5 death yaks
  Amaemon (Lair:2)
  5 lindwurms (Lair:2)
  An ugly thing (D:10)
  4 elephants (Lair:4)
  Joseph (D:7)
  A black mamba (Lair:3)
  2 torpor snails (Lair:2)
  3 cane toads
  2 gargoyles
  An orange demon (Lair:2)
  A kobold demonologist (D:9)
  Psyche (D:10)
  A rime drake (Lair:4)
  3 komodo dragons
  4 trolls
  5 tyrant leeches (Lair:2)
  3 wraiths
  4 wyverns
  A basilisk (Lair:3)
  9 yaks
  2 steam dragons
  A swamp worm (Lair:2)
  2 vampire mosquitoes (D:11)
  An acid dragon (D:11)
  34 water moccasins
  A black bear (D:5)
  5 orc warriors
  2 sky beasts
  An ice beast (D:6)
  11 wolves (Lair:2)
  2 ogres
  5 centaurs
  A kobold brigand (D:11)
  8 bullfrogs
  3 gnoll sergeants
  5 elf zombies (Ossuary)
  4 scorpions
  3 wights (D:7)
  4 killer bees (D:9)
  6 howler monkeys
  2 electric eels (Lair:3)
  2 centaur zombies (Ossuary)
  2 orc priests
  9 hounds
  A human zombie (Ossuary)
  A jelly (D:7)
  A gnoll bouda (D:4)
  An iguana (D:6)
  6 orc wizards
  A hound zombie (Ossuary)
  3 mummies (Ossuary)
  18 gnolls
  23 adders
  2 white imps
  An ufetubus (D:6)
  5 adder zombies (Ossuary)
  A worm (D:3)
  2 dart slugs
  25 orcs
  7 endoplasms
  5 giant cockroaches
  A gnoll zombie (Ossuary)
  6 goblins
  5 hobgoblins
  2 quokkas
  4 ball pythons
  5 bats
  3 frilled lizards
  2 goblin zombies (Ossuary)
  4 hobgoblin zombies (Ossuary)
  4 jackal zombies (Ossuary)
  10 kobolds
  3 kobold zombies (Ossuary)
  2 orc zombies (Ossuary)
  3 quokka zombies (Ossuary)
  4 rats
  4 rat zombies (Ossuary)
342 creatures vanquished.

Vanquished Creatures (collateral kills)
  A foxfire (Lair:2)
1 creature vanquished.

Vanquished Creatures (others)
  An adder (Lair:3)
  A bush (Lair:3)
  406 foxfires
  21 fungi
  34 plants
463 creatures vanquished.

Grand Total: 806 creatures vanquished

Notes
Turn   | Place    | Note
-------+----------+-------------------------------------------
     0 | D:1      | wormed the Deep Elf Fire Elementalist began the quest for
                  | the Orb.
     0 | D:1      | Reached XP level 1. HP: 10/10 MP: 6/6
   535 | D:1      | Reached XP level 2. HP: 15/15 MP: 8/8
   538 | D:1      | Learned a level 2 spell: Scorch
  1449 | D:2      | Reached XP level 3. HP: 20/20 MP: 6/9
  2314 | D:2      | Learned a level 3 spell: Inner Flame
  2494 | D:3      | Reached skill level 1 in Fighting
  2494 | D:3      | Reached XP level 4. HP: 24/25 MP: 0/11
  3607 | D:4      | Reached skill level 4 in Spellcasting
  3607 | D:4      | Reached XP level 5. HP: 29/29 MP: 7/13
  3997 | D:4      | Noticed an ogre
  4005 | D:4      | Killed an ogre
  4006 | D:4      | Reached XP level 6. HP: 35/35 MP: 7/14
  4200 | D:4      | Found a staircase to the Ecumenical Temple.
  4264 | Temple   | Entered the Ecumenical Temple
  4334 | Temple   | Became a worshipper of Vehumet
  4448 | D:4      | You fall into a shaft and drop 3 floors!
  4473 | D:7      | Noticed an orc warrior
  4564 | D:6      | Found Muamur's Antique Weapon Shop.
  4572 | D:6      | Noticed a steam dragon
  4575 | D:6      | Noticed an ice beast
  4738 | D:6      | Killed an ice beast
  4739 | D:6      | Reached XP level 7. HP: 40/40 MP: 11/16
  4789 | D:6      | Killed a steam dragon
  4790 | D:6      | Reached skill level 5 in Spellcasting
  5290 | D:5      | Entered Level 5 of the Dungeon
  5302 | D:5      | Reached skill level 5 in Stealth
  5386 | D:5      | Found a sand-covered staircase.
  5434 | Ossuary  | Entered an ossuary
  5506 | Ossuary  | Reached skill level 5 in Fire Magic
  5671 | Ossuary  | Reached skill level 5 in Dodging
  5762 | Ossuary  | Reached * piety under Vehumet
  5762 | Ossuary  | Offered knowledge of Kiss of Death by Vehumet.
  5887 | Ossuary  | Reached XP level 8. HP: 22/45 MP: 3/18
  6229 | Ossuary  | Reached skill level 6 in Spellcasting
  6520 | D:5      | Found a runed translucent gate.
  6523 | D:5      | Noticed Rudyous's ghost (novice BaFi)
  6572 | D:5      | Found a runed translucent gate.
  6573 | D:5      | Found a runed translucent gate.
  6573 | D:5      | Identified the +9 hand axe of Downuxae {freeze, rN+ MP+9
                  | Dex+3}
  6573 | D:5      | Identified the +0 chain mail of Tomorrow {Harm Str+3 SInv}
  6826 | D:5      | Found a faded altar of an unknown god.
  6826 | D:5      | Found a broken altar of Ashenzari.
  6832 | D:5      | Found a faded altar of an unknown god.
  6834 | D:5      | Found a glowing golden altar of the Shining One.
  6836 | D:5      | Found an ancient bone altar of Kikubaaqudgha.
  6891 | D:5      | Offered knowledge of Momentum Strike by Vehumet.
  6893 | D:5      | Reached ** piety under Vehumet
  7307 | D:7      | Reached skill level 5 in Conjurations
  7447 | D:7      | Reached XP level 9. HP: 52/52 MP: 21/21
  7453 | D:7      | Reached skill level 7 in Spellcasting
  7683 | D:7      | Noticed Joseph
  7691 | D:7      | Killed Joseph
  8601 | D:8      | Reached skill level 8 in Spellcasting
  8657 | D:8      | Offered knowledge of Hailstorm by Vehumet.
  9265 | D:9      | Noticed a kobold demonologist
  9271 | D:9      | Killed a kobold demonologist
  9272 | D:9      | Reached XP level 10. HP: 4/58 MP: 17/24
  9281 | D:9      | HP: 1/58 [killer bee (6)]
  9618 | D:9      | Identified the +0 ring mail of the Eternal Void {rElec rN+
                  | Will+ Dex-2}
 10009 | D:9      | Reached *** piety under Vehumet
 10072 | D:9      | Found a basalt altar of Yredelemnul.
 10276 | D:10     | Entered Level 10 of the Dungeon
 10295 | D:10     | Reached skill level 5 in Fighting
 10348 | D:10     | Noticed Psyche
 10353 | D:10     | Killed Psyche
 10424 | D:10     | Reached skill level 9 in Spellcasting
 10532 | D:10     | Found a runed translucent gate.
 10532 | D:10     | Found a runed translucent gate.
 10532 | D:10     | Noticed dr0g0th's ghost (journeyman DsFi)
 10533 | D:10     | Found a runed translucent gate.
 10585 | D:10     | Noticed a brown ugly thing
 10594 | D:10     | Killed a brown ugly thing
 10799 | D:10     | Found a shimmering blue altar of Sif Muna.
 10833 | D:10     | Found a hazy altar of Hepliaklqana.
 10847 | D:10     | Noticed a gargoyle
 10852 | D:10     | Killed a gargoyle
 10893 | D:10     | Offered knowledge of Sticky Flame by Vehumet.
 10933 | D:10     | Found a bloodstained altar of Trog.
 11053 | D:10     | Found a staircase to the Lair.
 11472 | D:11     | Noticed a gargoyle
 11484 | D:11     | Reached XP level 11. HP: 45/64 MP: 21/26
 11721 | D:11     | Noticed a boulder beetle
 11817 | Lair:1   | Entered Level 1 of the Lair of Beasts
 12062 | Lair:1   | Noticed a death yak
 12104 | Lair:1   | Killed a death yak
 12354 | Lair:1   | Noticed a death yak
 12355 | Lair:1   | Noticed a death yak
 12356 | Lair:1   | Noticed a death yak
 12537 | D:4      | Found a sacrificial altar of Ru.
 13103 | D:6      | Learned a level 3 spell: Mephitic Cloud
 13419 | D:11     | Killed a boulder beetle
 13420 | D:11     | Reached skill level 10 in Spellcasting
 13678 | D:11     | Reached **** piety under Vehumet
 13967 | D:12     | Found Kuczunor's Weapon Shop.
 13969 | D:12     | Found a staircase to the Orcish Mines.
 13971 | D:12     | Noticed Fannar
 14108 | D:12     | Found Caethre's Armour Shop.
 14194 | D:12     | Killed Fannar
 14195 | D:12     | Reached skill level 10 in Stealth
 14335 | D:12     | Found a runed translucent door.
 14335 | D:12     | Noticed Paus's ghost (journeyman DEEE)
 14480 | D:12     | Noticed a boulder beetle
 14574 | D:12     | Noticed a boulder beetle
 14783 | Lair:1   | Killed a death yak
 15054 | Lair:1   | Noticed a death yak
 15058 | Lair:1   | Noticed a death yak
 15653 | Lair:2   | Offered knowledge of Ignite Poison by Vehumet.
 15661 | Lair:2   | Learned a level 3 spell: Ignite Poison
 15664 | Lair:2   | Learned a level 2 spell: Poisonous Vapours
 15960 | Lair:2   | Noticed Amaemon
 15977 | Lair:2   | Killed Amaemon
 16240 | Lair:2   | Noticed a death yak
 16248 | Lair:2   | Killed a death yak
 16276 | Lair:2   | Reached skill level 11 in Spellcasting
 16522 | Lair:2   | Reached XP level 12. HP: 71/71 MP: 29/29
 16623 | Lair:2   | Reached skill level 10 in Dodging
 16852 | Lair:2   | Found a staircase to the Swamp.
 17995 | Lair:1   | Killed a death yak
 17996 | Lair:1   | Reached skill level 10 in Fire Magic
 18000 | Lair:1   | Killed a death yak
 18678 | Lair:3   | Reached ***** piety under Vehumet
 18679 | Lair:3   | Reached skill level 12 in Spellcasting
 18913 | Lair:3   | Offered knowledge of Fulminant Prism by Vehumet.
 19002 | Lair:3   | Reached skill level 10 in Conjurations
 19232 | Lair:3   | Found a staircase to the Snake Pit.
 19248 | Lair:3   | Noticed a five-headed hydra
 19267 | Lair:3   | Killed a five-headed hydra
 20085 | Lair:3   | Noticed a death yak
 20085 | Lair:3   | Noticed a death yak
 20181 | Lair:3   | Noticed a death yak
 20182 | Lair:3   | Noticed a death yak
 20827 | Lair:4   | Got Liedokh's Performing Successful Witchcraft
 20850 | Lair:4   | Learned a level 2 spell: Blink
 20890 | Lair:4   | Reached XP level 13. HP: 9/78 MP: 31/31
 21400 | Lair:4   | You fall into a shaft and drop 1 floor!
 21400 | Lair:5   | Entered Level 5 of the Lair of Beasts
 21400 | Lair:5   | Found a staircase to the Slime Pits.
 21408 | Lair:5   | HP: 3/78 [five-headed hydra (7)]
 21410 | Lair:4   | HP: 1/78 [poisoned by a water moccasin]
 21410 | Lair:4   | Mangled by a five-headed hydra

Illustrated notes

Levels and vault maps discovered:
D:1:      dpeg_arrival_central, layout_basic, st_stairs_4,
          minmay_tree_intersection
D:2:      layout_loops_cross
D:3:      layout_basic, solitary_fountain
D:4:      layout_loops_ring, mainiacjoe_overflow_small_starburst,
          minmay_temple_entry_mist
D:5:      layout_basic, chequers_temple_overflow_minitemple, enter_ossuary_5,
          biasface_ghost_orc_armoury, portal_sewer_entry_a
D:6:      layout_loops_cross, serial_shops, shop
D:7:      layout_cave_pods, uniq_joseph
D:8:      nicolae_cairo_tiling_large_dashed, layout_rooms,
          hangedman_abyss_or_decor_lesser_grid, minmay_misc_feat_ornament
D:9:      layout_loops_ring, mainiacjoe_overflow_brackets
D:10:     layout_basic, mainiacjoe_overflow_surrounded_room,
          mainiacjoe_overflow_boulevard,
          mainiacjoe_overflow_concentric_impassable, dpeg_oklobed_lair,
          gammafunk_ghost_nasty_kobolds, uniq_psyche
D:11:     layout_rooms
D:12:     layout_loops_cross, orc_david_3, ebering_ghost_inner_flame,
          uniq_frances, uniq_fannar
Temple:   jpeg_temple_clearing
Lair:1:   layout_gridlike, infiniplex_staircase_pool
Lair:2:   beast_lair_carwin_large_2, layout_cave_pods, minmay_swamp_entry_worms,
          st_stairs_11, minmay_lindwurm_lava, uniq_amaemon
Lair:3:   lemuel_reptile_caves, layout_chaotic_city,
          minmay_snake_entry_six_corridors
Lair:4:   layout_cave_pods, grunt_megastairs_1, infiniplex_staircase_pool_2,
          lemuel_fruit_tree
Lair:5:   hellmonk_lair_end_abyssal_woods, layout_cave_pods, slime_entry_1,
          nicolae_lair_liquid_snakes

Skill      XL: |  1  2  3  4  5  6  7  8  9 10 11 12 13 |
---------------+----------------------------------------+-----
Stealth        | 3 4 5 6 8 9 10 11 | 11.0
Fighting       | 1 2 3 4 5 6 7 8 |  8.0
Dodging        | 3 4 5 6 7 8 9 11 | 11.0
Conjurations   | 2 3 4 5 6 7 9 10 | 10.5
Spellcasting   | 4 5 6 8 9 11 12 | 12.7
Fire Magic     | 4 5 6 7 8 9 10 11 | 11.0

Action                     |  1- 3 |  4- 6 |  7- 9 | 10-12 | 13-15 || total
---------------------------+-------+-------+-------+-------+-------++-------
  Melee: Dagger            |    13 |    13 |       |       |       ||    26
         Unarmed           |     2 |       |       |       |       ||     2
         Punch             |     1 |       |       |       |       ||     1
         Quarterstaff      |       |       |    33 |       |       ||    33
         Staff             |       |       |       |     1 |       ||     1
   Cast: Foxfire           |    13 |    12 |   130 |    79 |     2 ||   236
         Scorch            |    34 |    50 |   108 |   224 |     9 ||   425
         Inner Flame       |       |       |     7 |    85 |       ||    92
         Poisonous Vapours |       |       |       |   139 |       ||   139
         Ignite Poison     |       |       |       |    69 |       ||    69
         Mephitic Cloud    |       |       |       |    37 |       ||    37
  Evoke: Wand              |       |       |     3 |     9 |       ||    12
    Use: Scroll            |       |    11 |     7 |    15 |     2 ||    35
         Potion            |       |     2 |     1 |     5 |       ||     8
 Armour: Leather armour    |     5 |    11 |    33 |     4 |       ||    53
         Robe              |     1 |       |       |    15 |     5 ||    21
  Dodge: Dodged            |    12 |    25 |    69 |   115 |    20 ||   241

Table legend: (Time is in decaauts)
 A = Elapsed time spent in this place.
 B = Non-inter-level travel time spent in this place.
 C = Inter-level travel time spent in this place.
 D = Time resting spent in this place.
 E = Time spent auto-exploring this place.
 F = Levels seen in this place.
 G = Mean time per level.
                   A        B        C        D        E       F      G
               +--------+--------+--------+--------+--------+-----+--------+
         Total |  21469 |  20210 |   1259 |     96 |  16924 |  19 | 1129.9 |
       Dungeon |  13119 |  12085 |   1034 |      0 |  10491 |  12 | 1093.2 |
        Temple |    116 |     71 |     45 |      0 |     52 |   1 |  116.0 |
          Lair |   7252 |   7072 |    180 |     96 |   5661 |   5 | 1450.4 |
       Ossuary |    980 |    980 |      0 |      0 |    720 |   1 |  980.0 |
               +--------+--------+--------+--------+--------+-----+--------+

Top non-repeatable levels by time:
  Lair:2: 2957 daAuts
  Lair:3: 1886 daAuts
  Lair:1: 1582 daAuts
     D:3: 1383 daAuts
     D:7: 1327 daAuts
     D:1: 1310 daAuts
    D:11: 1309 daAuts
    D:10: 1275 daAuts
     D:4: 1080 daAuts
     D:2: 1055 daAuts
     D:5: 1055 daAuts
 Ossuary: 980 daAuts
     D:8: 960 daAuts
     D:6: 953 daAuts
     D:9: 842 daAuts
